 Dungeon Crawl Stone Soup version 0.23.2-1-ga50397a (webtiles) character file.

Game seed: 12163215106707519641

16874 diana the Fighter (level 12, -6/97 HPs)
             Began as a Demonspawn Gladiator on May 21, 2019.
             Was a High Priest of Okawaru.
             Killed from afar by an ice dragon (36 damage)
             ... with a blast of cold
             ... on level 1 of the Lair of Beasts.
             The game lasted 00:22:55 (11536 turns).

diana the Fighter (Demonspawn Gladiator)           Turns: 11536, Time: 00:22:56

Health: -6/97      AC: 20    Str: 26    XL:     12   Next: 13%
Magic:  13/14      EV: 21    Int: 13    God:    Okawaru [*****.]
Gold:   717        SH:  0    Dex: 22    Spells: 11/11 levels left

rFire    . . .     SeeInvis +   K - +6 glaive "Ifewe" {chop, Dex+6}
rCold    . . .     Gourm    .   (shield currently unavailable)
rNeg     + + +     Faith    .   E - +0 plate armour of Slovenliness {-Cast rN+++ rCorr Str+7}
rPois    +         Spirit   .   c - +0 helmet
rElec    .         Reflect  .   g - scarf {cloud immunity}
rCorr    +         Harm     .   G - +1 pair of gloves
MR       .....     NoCast   +   (no boots)
Stlth    +.........             Q - amulet of Luelecs {Acrobat rPois Int+4}
HPRegen  0.26/turn              w - ring of see invisible
MPRegen  0.14/turn              S - +2 ring of evasion

@: heroism
A: talons 1, nightstalker 2, powered by death 3
a: Heroism, Finesse, Renounce Religion


You were on level 1 of the Lair of Beasts.
You worshipped Okawaru.
Okawaru was extremely pleased with you.
You were not hungry.

You visited 3 branches of the dungeon, and saw 14 of its levels.
You also visited: Gauntlet.

You collected 717 gold pieces.

Inventory:

Hand Weapons
 a - a +0 quarterstaff
 K - the +6 glaive "Ifewe" (weapon) {chop, Dex+6}
   (You found it on level 7 of the Dungeon)

   It inflicts extra damage upon your enemies.
   It affects your dexterity (+6).
Missiles
 d - 4 throwing nets (quivered)
Armour
 c - a +0 helmet (worn)
 g - a scarf of cloud immunity (worn)
 E - the +0 plate armour of Slovenliness (worn) {-Cast rN+++ rCorr Str+7}
   (You found it on level 4 of the Dungeon)

   It affects your strength (+7).
   It renders you almost immune to negative energy.
   It prevents spellcasting.
   It provides partial protection from all sources of acid and corrosion.
 G - a +1 pair of gloves (worn)
Jewellery
 w - a ring of see invisible (left hand)
 Q - the amulet of Luelecs (around neck) {Acrobat rPois Int+4}
   (You found it in a Gauntlet)

   [amulet of the acrobat]

   It helps you evade while moving and waiting.
   It affects your intelligence (+4).
   It protects you from poison.
 S - a +2 ring of evasion (right hand)
Wands
 s - a wand of disintegration (15)
 z - a wand of acid (4)
 D - a wand of flame (59)
 F - a wand of polymorph (7)
 I - a wand of paralysis (10)
 W - a wand of iceblast (3)
 X - a wand of digging (10)
Scrolls
 b - a scroll of magic mapping
 e - a scroll of identify
 k - 3 scrolls of teleportation
 l - a scroll of fog {unknown}
 m - 8 scrolls of remove curse
 o - 3 scrolls of blinking
 r - 2 scrolls of amnesia
 t - 4 scrolls of immolation
 v - 2 scrolls of enchant armour
 B - 2 scrolls of enchant weapon
 N - a scroll of torment
 T - a scroll of acquirement
 V - 2 scrolls of holy word {unknown}
Potions
 h - 2 potions of resistance
 i - a potion of brilliance
 n - 4 potions of curing
 q - 2 potions of agility
 u - 3 potions of lignification
 x - 3 potions of cancellation
 A - 6 potions of flight
 J - a potion of mutation
 M - a potion of might
 P - 2 potions of degeneration
Comestibles
 f - 23 rations


   Skills:
 + Level 10.1(15.1) Fighting
 + Level 9.9(14.9) Staves
 - Level 1.7(6.7) Throwing
 + Level 9.1(14.1) Armour
 + Level 9.5(14.5) Dodging
 + Level 3.3 Invocations


You had 11 spell levels left.
You didn't know any spells.
Your spell library was empty.

Dungeon Overview and Level Annotations

Branches:
Dungeon (12/15)            Temple (1/1) D:7            Lair (1/6) D:8
    Orc (0/2) D:10

Altars:
Cheibriados
Fedhas
Gozag
Okawaru
Ru
Vehumet
Xom
Yredelemnul


Innate Abilities, Weirdness & Mutations

You have sharp toenails.
You are significantly more attuned to the shadows.
You regenerate a lot of health from kills.


Message History

* * * LOW HITPOINT WARNING * * *
The ice dragon tramples you but does no damage.
Unknown command.
You feel much better. The ice dragon bites you.
The ice dragon claws you but does no damage.
The ice dragon tramples you!
You stumble backwards!
You slash the ice dragon! Your kick misses the ice dragon.
The ice dragon is severely wounded.
The ice dragon breathes frost at you. The blast of cold hits you!!
* * * LOW HITPOINT WARNING * * *
Unknown command.
You feel much better.
The ice dragon bites you but does no damage.
The ice dragon misses you.
The ice dragon tramples you but does no damage.
You fail to use your ability.
The ice dragon breathes frost at you. The blast of cold hits you!!!
You die...

##### ###≈≈≈####
...≈≈≈≈..###
....≈≈≈....##
$..≈≈†......###
$(≈≈≈.D@......#####
≈≈≈≈≈.............######
≈≈≈≈........#####......#
≈≈≈≈.......## ######.#
≈≈≈≈≈...#### #..
≈≈###### ##. ####. #....
#.###


You could see an ice dragon.

Vanquished Creatures
  A minotaur (Gauntlet)
  Harold (D:7)
  A ghost crab (Gauntlet)
  3 two-headed ogres
  An ogre mage (D:11)
  A wizard (Gauntlet)
  Pikel (D:7)
  2 ugly things
  An oklob plant (Gauntlet)
  A cyclops (D:12)
  Joseph (D:7)
  A centaur zombie (D:10)
  A spiny frog (Lair:1)
  2 kobold demonologists (D:12)
  A troll (D:10)
  2 hippogriffs
  Sigmund (D:3)
  A shadow (D:12)
  7 yaks
  2 hungry ghosts
  3 wargs (D:8)
  Edmund (D:6)
  Menkaure (D:5)
  2 acid dragons (Gauntlet)
  2 water moccasins
  5 orc warriors
  3 sky beasts
  An ice beast (D:11)
  4 phantoms
  2 slaves (D:7)
  8 ogres
  A crocodile (Lair:1)
  3 centaurs
  A big kobold (D:10)
  7 bullfrogs
  A gnoll sergeant (D:7)
  A wyvern skeleton (D:8)
  5 scorpions
  9 killer bees
  An electric eel (Lair:1)
  7 crimson imps
  2 bullfrog zombies
  3 quasits
  4 hounds
  A jelly (D:6)
  6 orc priests
  8 orc wizards
  Jessica (D:3)
  6 worker ants
  4 iguanas
  A hound skeleton (D:8)
  2 hound zombies
  A worker ant zombie (D:8)
  7 adders
  8 gnolls
  A howler monkey skeleton (D:8)
  5 shadow imps
  A white imp (Gauntlet)
  An ooze (D:2)
  An adder skeleton (D:6)
  An adder zombie (D:8)
  3 worms
  2 dart slugs
  3 leopard geckos
  36 orcs
  5 giant cockroaches
  9 hobgoblins
  7 jackals
  A quokka (D:3)
  2 ball pythons
  9 bats
  5 frilled lizards
  11 goblins
  27 kobolds
  A leopard gecko zombie (D:7)
  8 rats
293 creatures vanquished.

Vanquished Creatures (others)
  A kobold (D:12)
  A plant (Gauntlet)
2 creatures vanquished.

Grand Total: 295 creatures vanquished

Notes
Turn   | Place    | Note
-------+----------+-------------------------------------------
     0 | D:1      | diana the Demonspawn Gladiator began the quest for the Orb.
     0 | D:1      | Reached XP level 1. HP: 16/16 MP: 1/1
   232 | D:1      | Gained mutation: You regenerate a little health from kills.
                  | [demonic ancestry]
   232 | D:1      | Reached XP level 2. HP: 22/22 MP: 2/2
   670 | D:2      | Reached XP level 3. HP: 19/28 MP: 3/3
   777 | D:2      | Reached skill level 1 in Armour
  1501 | D:3      | Noticed Jessica
  1503 | D:3      | Reached XP level 4. HP: 34/34 MP: 4/4
  1507 | D:3      | Killed Jessica
  1565 | D:3      | Noticed Sigmund
  1581 | D:3      | Killed Sigmund
  1581 | D:3      | Reached skill level 3 in Fighting
  1581 | D:3      | Gained mutation: You regenerate health from kills. [demonic
                  | ancestry]
  1581 | D:3      | Reached XP level 5. HP: 27/41 MP: 5/5
  1581 | D:3      | Gained mutation: You are slightly more attuned to the
                  | shadows. [demonic ancestry]
  1581 | D:3      | Reached XP level 6. HP: 31/47 MP: 6/6
  2249 | D:4      | Found the +7 captain's cutlass {speed, disarm}
  2279 | D:4      | Noticed a hungry ghost
  2300 | D:4      | Killed a hungry ghost
  2473 | D:4      | Found a transporter.
  2492 | D:4      | Got a faintly humming plate armour
  2530 | D:4      | Identified the +0 plate armour of Slovenliness {-Cast rN+++
                  | rCorr Str+7} (You found it on level 4 of the Dungeon)
  2606 | D:4      | Found a transporter.
  2792 | D:5      | Entered Level 5 of the Dungeon
  2792 | D:5      | Noticed Menkaure
  2942 | D:5      | Killed Menkaure
  2942 | D:5      | Reached skill level 4 in Fighting
  2942 | D:5      | Reached skill level 5 in Staves
  2942 | D:5      | Reached XP level 7. HP: 54/54 MP: 7/7
  3031 | D:5      | You fall through a shaft!
  3523 | D:6      | Noticed a hungry ghost
  3531 | D:6      | Killed a hungry ghost
  3952 | D:6      | Gained mutation: You regenerate a lot of health from kills.
                  | [demonic ancestry]
  3952 | D:6      | Reached XP level 8. HP: 42/61 MP: 8/8
  4003 | D:5      | Found an opulent altar of Gozag.
  4640 | D:6      | Reached skill level 5 in Fighting
  4640 | D:6      | Reached skill level 5 in Dodging
  5341 | D:7      | Found a staircase to the Ecumenical Temple.
  5363 | Temple   | Entered the Ecumenical Temple
  5368 | Temple   | Became a worshipper of Warmaster Okawaru
  5634 | D:7      | Got a crude glaive
  5635 | D:7      | Identified the +6 glaive "Ifewe" {chop, Dex+6} (You found
                  | it on level 7 of the Dungeon)
  5692 | D:7      | Noticed Harold
  5693 | D:7      | Noticed Joseph
  5986 | D:6      | Noticed Edmund
  5994 | D:6      | Killed Edmund
  5994 | D:6      | Reached skill level 5 in Armour
  6147 | D:6      | Reached skill level 6 in Fighting
  6147 | D:6      | Gained mutation: You are significantly more attuned to the
                  | shadows. [demonic ancestry]
  6147 | D:6      | Reached XP level 9. HP: 63/69 MP: 9/9
  6468 | D:7      | Noticed Pikel
  6504 | D:7      | Killed Pikel
  6504 | D:7      | Reached * piety under Okawaru
  6504 | D:7      | Killed Harold
  6504 | D:7      | Reached ** piety under Okawaru
  6504 | D:7      | Reached skill level 7 in Fighting
  6509 | D:7      | Killed Joseph
  6865 | D:8      | Reached XP level 10. HP: 51/79 MP: 10/10
  6893 | D:8      | Found a staircase to the Lair.
  7092 | D:8      | Reached *** piety under Okawaru
  8134 | D:10     | Entered Level 10 of the Dungeon
  8307 | D:10     | Found a staircase to the Orcish Mines.
  8321 | D:10     | Reached skill level 8 in Fighting
  8948 | D:10     | Reached **** piety under Okawaru
  9195 | D:11     | Found a blossoming altar of Fedhas.
  9783 | D:11     | Gained mutation: You have sharp toenails. [demonic
                  | ancestry]
  9783 | D:11     | Reached XP level 11. HP: 23/87 MP: 11/11
 10081 | D:11     | Noticed a red ugly thing
 10086 | D:11     | Killed a red ugly thing
 10388 | D:12     | Noticed a green ugly thing
 10402 | D:12     | Killed a green ugly thing
 10423 | D:12     | Reached skill level 9 in Fighting
 10443 | D:12     | Noticed an ogre mage
 10445 | D:12     | Noticed a two-headed ogre
 10467 | D:12     | Noticed a two-headed ogre
 10472 | D:11     | Killed a two-headed ogre
 10472 | D:11     | Reached ***** piety under Okawaru
 10480 | D:12     | Noticed a two-headed ogre
 10487 | D:11     | Killed a two-headed ogre
 10498 | D:11     | Killed an ogre mage
 10504 | D:12     | Killed a two-headed ogre
 10573 | D:12     | Found a gate leading to a gauntlet.
 10584 | Gauntlet | Entered a Gauntlet
 10584 | Gauntlet | Found a transporter.
 10584 | Gauntlet | Noticed a wizard
 10594 | Gauntlet | Found a transporter.
 10598 | Gauntlet | Found a transporter.
 10606 | Gauntlet | Noticed an oklob plant
 10609 | Gauntlet | Found a transporter.
 10610 | Gauntlet | Found a transporter.
 10618 | Gauntlet | Found a transporter.
 10627 | Gauntlet | Noticed a ghost crab
 10634 | Gauntlet | Found a transporter.
 10648 | Gauntlet | Found a transporter.
 10652 | Gauntlet | Found a transporter.
 10652 | Gauntlet | Noticed a tengu warrior
 10661 | Gauntlet | Found a transporter.
 10664 | Gauntlet | Found a transporter.
 10672 | Gauntlet | Found a transporter.
 10825 | Gauntlet | Killed a wizard
 10825 | Gauntlet | Reached skill level 1 in Invocations
 10839 | Gauntlet | Got a wavering diamond amulet
 10981 | Gauntlet | Killed an oklob plant
 10981 | Gauntlet | Reached ****** piety under Okawaru
 11057 | Gauntlet | Killed a ghost crab
 11098 | Gauntlet | Identified the +8 long sword of Veuse {pain, rC+++ Str-2
                  | Int+4}
 11098 | Gauntlet | Noticed a minotaur
 11110 | Gauntlet | Killed a minotaur
 11110 | Gauntlet | Received a gift from Okawaru
 11110 | Gauntlet | Reached skill level 10 in Fighting
 11110 | Gauntlet | Reached XP level 12. HP: 15/97 MP: 6/14
 11246 | Lair:1   | Entered Level 1 of the Lair of Beasts
 11253 | Lair:1   | Identified a scroll of acquirement
 11262 | Lair:1   | Identified the amulet of Luelecs {Acrobat rPois Int+4} (You
                  | found it in a Gauntlet)
 11518 | Lair:1   | Noticed an ice dragon
 11536 | Lair:1   | Killed from afar by an ice dragon

Skill      XL: |  1  2  3  4  5  6  7  8  9 10 11 12 |
---------------+-------------------------------------+-----
Staves         | 3 4 5 6 7 8 9 |  9.9
Armour         | 1 2 3 5 6 7 9 |  9.1
Dodging        | 3 4 5 7 8 9 |  9.5
Fighting       | 3 4 6 7 8 10 | 10.1
Invocations    | 2 3 |  3.3
Throwing       | |  1.7

Action                   |  1- 3 |  4- 6 |  7- 9 | 10-12 || total
-------------------------+-------+-------+-------+-------++-------
Melee: Quarterstaff      |   125 |    80 |   274 |       ||   479
       Glaive            |       |       |    86 |   422 ||   508
       Unarmed           |       |       |     2 |       ||     2
       Kick              |       |       |       |    78 ||    78
Throw: Throwing net      |       |       |     1 |     2 ||     3
Invok: Heroism           |       |       |       |     6 ||     6
       Finesse           |       |       |       |     1 ||     1
Evoke: Wand              |       |       |     2 |       ||     2
  Use: Scroll            |       |       |     1 |    20 ||    21
       Potion            |       |       |     4 |     5 ||     9
 Stab: Sleeping          |     1 |     3 |       |       ||     4
       Confused          |       |       |     1 |       ||     1
       Held in net/web   |       |       |       |     2 ||     2
  Eat: Chunk             |     1 |     5 |     8 |    12 ||    26
       Ration            |       |     2 |     2 |     1 ||     5
Armor: Leather armour    |    41 |    21 |       |       ||    62
       Plate armour      |       |    12 |   211 |   319 ||   542
       Skin              |       |       |    32 |       ||    32
Dodge: Dodged            |   114 |    26 |   186 |   425 ||   751
